 Dungeon Crawl Stone Soup version 0.21-a0-52-gbf49515 (webtiles) character file.

3593 KristoblXynda the Destroyer (level 9, 0/62 HPs)
             Began as a Grey Draconian Fire Elementalist on June 13, 2017.
             Hit by a javelin of returning thrown by a centaur (12 damage)
             ... in a bailey.
             The game lasted 00:27:26 (8337 turns).

KristoblXynda the Destroyer (DrFE)                  Turns: 8337, Time: 00:27:28

Health: 0/62       AC: 20    Str: 15    XL:     9   Next: 85%
Magic:  29/29      EV: 12    Int: 19    God:
Gold:   487        SH:  5    Dex: 12    Spells: 10/23 levels left

rFire    . . .     SeeInvis .   p - +2 hand axe (flame)
rCold    . . .     Gourm    .   n - +0 buckler
rNeg     . . .     Faith    .   (armour unavailable)
rPois    .         Spirit   .   (helmet restricted)
rElec    .         Reflect  .   r - +1 cloak
rCorr    .         Harm     .   i - +0 pair of gloves
MR       .....     Clarity  +   (no boots)
Stlth    ++........             (no amulet)
Regen    0.2/turn               w - ring of magical power
MPRegen  0.3/turn               o - +5 ring of protection

@: mighty, very slow
A: walk through water, unfitting armour, blurry vision 1, clarity, wild magic 1,
unbreathing, cold-blooded, AC +12
a: no special abilities


You were in a bailey.
You were not hungry.

You visited 1 branch of the dungeon, and saw 7 of its levels.
You also visited: Bailey.

You collected 487 gold pieces.

Inventory:

Hand Weapons
 p - a +2 hand axe of flaming (weapon)
 t - a +2 hand axe of freezing
Missiles
 x - 7 javelins of returning (quivered)
Armour
 i - a +0 pair of gloves (worn)
 n - a +0 buckler (worn)
 r - a +1 cloak (worn)
Jewellery
 d - an uncursed ring of stealth
 l - an uncursed ring of protection from magic {unknown}
 o - a +5 ring of protection (right hand)
 w - a ring of magical power (left hand)
Wands
 j - a wand of paralysis (7/24)
Scrolls
 e - a scroll of teleportation
 k - 2 scrolls of recharging
 m - 2 scrolls of fog
 u - 2 scrolls of remove curse
Potions
 f - 4 potions of brilliance
 g - a potion of haste
 q - a potion of flight
 v - a potion of magic {unknown}
Books
 a - a book of Flames

   Spells                             Type                      Level
   a - Flame Tongue                   Conjuration/Fire             1
   b - Throw Flame                    Conjuration/Fire             2
   c - Conjure Flame                  Conjuration/Fire             3
   d - Inner Flame                    Hexes/Fire                   3
   e - Sticky Flame                   Conjuration/Fire             4
   f - Fireball                       Conjuration/Fire             5
Comestibles
 b - 4 bread rations
 h - 4 meat rations


   Skills:
 - Level 5.7 Axes
 - Level 1.7 Dodging
 - Level 1.7 Stealth
 + Level 4.3 Shields
 - Level 3.0 Unarmed Combat
 + Level 7.8 Spellcasting
 + Level 8.2 Conjurations
 - Level 3.0 Fire Magic


You had 10 spell levels left.
You knew the following spells:

 Your Spells              Type           Power        Failure   Level  Hunger
a - Flame Tongue          Conj/Fire      #####        1%          1    None
b - Conjure Flame         Conj/Fire      #####...     4%          3    #......
c - Sticky Flame          Conj/Fire      #####...     13%         4    ###....
d - Fireball              Conj/Fire      #####.....   34%         5    #####..


Dungeon Overview and Level Annotations

Branches:
Dungeon (7/15)             Temple (0/1) D:7

Altars:
Hepliaklqana
Kikubaaqudgha
Qazlal
Sif Muna
Trog
Uskayaw

Shops:
D:5 }


Innate Abilities, Weirdness & Mutations

You can walk through water.
Your dull iron-grey scales are very hard. (AC +12)
You cannot fit into any form of body armour.
You can survive without breathing.
You are cold-blooded and may be slowed by cold attacks.
Scrolls take you a little longer to read.
You possess an exceptional clarity of mind.
Your spells are a little harder to cast, but a little more powerful.


Message History

The javelin of returning barely misses you.
The weapon returns to the centaur!
The centaur hits you but does no damage.
The centaur throws a javelin of returning.
The javelin of returning hits you but does no damage.
The weapon returns to the centaur!
You feel very mighty all of a sudden. The centaur hits you with a halberd!
The centaur throws a javelin of returning.
The javelin of returning barely misses you.
The weapon returns to the centaur!
Unknown command.
The centaur hits you but does no damage.
The centaur throws a javelin of returning.
The javelin of returning hits you!
* * * LOW HITPOINT WARNING * * *
The weapon returns to the centaur!
You block the centaur's attack.
The centaur throws a javelin of returning.
The javelin of returning hits you!
You die...

.≈.....≈≈≈)≈≈≈..)..≈.≈≈
≈.≈≈....≈≈≈≈≈≈≈....≈≈.≈≈
≈≈.≈.....≈≈≈≈≈.....≈.≈≈≈
≈≈.≈≈.⌠..≈≈≈≈≈..))≈≈.≈≈≈
≈≈≈c≈.....≈≈≈....)≈.≈≈≈≈
≈≈≈.≈≈≈....)....≈≈≈.≈≈≈≈
≈≈≈≈..≈≈≈....)≈≈≈..≈≈≈≈≈
≈≈≈≈≈≈..≈#...#≈.)≈≈≈≈≈≈≈
≈≈≈≈≈≈≈@c#...#.≈≈≈≈≈≈≈≈#
#≈≈≈≈≈≈≈≈#...#≈≈≈≈≈≈≈≈##
##≈≈≈≈≈≈≈#...#≈≈≈≈≈≈≈##
#########'''#########
##...................##
##.........))..........##
##.......⌠#######⌠.......#
#≈....#####.....#####....≈
#≈...##....≈≈≈≈≈....##)..≈


You could see 2 centaurs.

Vanquished Creatures
  Pikel (D:5)
  Grinder (D:6)
  A hippogriff (D:7)
  8 orc warriors
  A sky beast (D:5)
  2 slaves (D:5)
  A hornet zombie (D:7)
  A black bear (D:7)
  An ogre (D:4)
  5 centaurs
  Blork the orc (D:5)
  A gnoll sergeant (D:7)
  3 scorpions
  A crimson imp (D:6)
  7 hounds
  3 orc wizards
  An orc priest (D:7)
  Jessica (D:6)
  3 worker ants
  An iguana (D:4)
  A hound zombie (D:5)
  A hound skeleton (D:6)
  22 gnolls
  9 adders
  A shadow imp (D:5)
  4 oozes
  An adder skeleton (D:6)
  4 worms
  A dart slug (D:2)
  2 leopard geckos
  50 orcs
  3 ball pythons
  8 bats
  13 giant cockroaches
  7 goblins
  4 hobgoblins
  7 jackals
  3 kobolds
  3 quokkas
  4 frilled lizards
  A jackal skeleton (D:5)
  A leopard gecko skeleton (D:4)
  A quokka skeleton (D:4)
  18 rats
213 creatures vanquished.

Vanquished Creatures (others)
  A slave (D:5)
  An adder (D:5)
2 creatures vanquished.

Grand Total: 215 creatures vanquished

Notes
Turn   | Place    | Note
-------+----------+-------------------------------------------
     0 | D:1      | KristoblXynda the Draconian Fire Elementalist began the quest for the Orb.
     0 | D:1      | Reached XP level 1. HP: 14/14 MP: 3/3
   173 | D:1      | Reached XP level 2. HP: 15/20 MP: 5/5
   709 | D:1      | Reached skill level 2 in Conjurations
   725 | D:1      | Reached skill level 1 in Unarmed Combat
   752 | D:1      | Reached XP level 3. HP: 21/26 MP: 6/6
  1682 | D:2      | Found a bloodstained altar of Trog.
  1807 | D:2      | Reached XP level 4. HP: 25/33 MP: 2/8
  1920 | D:2      | Learned a level 3 spell: Conjure Flame
  2282 | D:2      | Reached skill level 3 in Conjurations
  2390 | D:2      | Reached XP level 5. HP: 38/38 MP: 8/10
  3236 | D:3      | Found a stormy altar of Qazlal.
  3463 | D:4      | Reached XP level 6. HP: 28/45 MP: 0/11
  3858 | D:4      | Reached skill level 1 in Axes
  3899 | D:4      | Reached skill level 4 in Conjurations
  4064 | D:4      | Found a hide-covered altar of Uskayaw.
  4066 | D:4      | Found an ancient bone altar of Kikubaaqudgha.
  4068 | D:4      | Found a hazy altar of Hepliaklqana.
  4238 | D:4      | Your scales start taking on a dull iron-grey colour.
  4238 | D:4      | Reached XP level 7. HP: 50/50 MP: 13/13
  4238 | D:4      | Gained mutation: You can survive without breathing. [Grey Draconian growth]
  4454 | D:5      | Entered Level 5 of the Dungeon
  4579 | D:5      | Found Suynk's Gadget Emporium.
  4797 | D:5      | Gained mutation: You possess an exceptional clarity of mind. [mutagenic meat]
  4798 | D:5      | Gained mutation: Scrolls take you a little longer to read. [mutagenic meat]
  4799 | D:5      | Gained mutation: Your spells are a little harder to cast, but a little more powerful. [mutagenic meat]
  5058 | D:5      | Noticed Pikel
  5061 | D:5      | Noticed Blork the orc
  5090 | D:5      | Killed Pikel
  5090 | D:5      | Reached skill level 5 in Spellcasting
  5090 | D:5      | Reached skill level 5 in Conjurations
  5090 | D:5      | Reached XP level 8. HP: 57/57 MP: 16/16
  5098 | D:5      | Killed Blork the orc
  5360 | D:6      | Reached skill level 6 in Conjurations
  5929 | D:6      | Noticed Jessica
  5934 | D:6      | Killed Jessica
  5937 | D:6      | Found a deep blue altar of Sif Muna.
  6009 | D:6      | Reached skill level 5 in Axes
  6101 | D:6      | Noticed Grinder
  6322 | D:6      | Learned a level 4 spell: Sticky Flame
  6403 | D:6      | Killed Grinder
  6403 | D:6      | Reached XP level 9. HP: 60/62 MP: 18/18
  6726 | D:7      | Reached skill level 1 in Shields
  6726 | D:7      | Reached skill level 7 in Conjurations
  6795 | D:7      | Found a flagged portal.
  6852 | Bailey   | Entered a bailey
  7701 | Bailey   | Learned a level 5 spell: Fireball
  7775 | Bailey   | Reached skill level 8 in Conjurations
  8337 | Bailey   | Hit by a javelin of returning thrown by a centaur

Vault maps used:
D:1:      onia_arrival_larder
D:2:      overflow_temple_1_default, first_bread, grunt_decor_one_mirror
D:3:      grunt_qazlal_sundering, kennysheep_generic_room_11
D:4:      grunt_temple_overflow_open, serial_glass, glass_columns_b,
          glass_columns_a, glass_columns_a, glass_columns_a, glass_columns_a,
          glass_columns_b, glass_columns_a, glass_columns_a, glass_columns_a,
          glass_columns_a
D:5:      serial_shops, nicolae_shop_stone, uniq_blork_the_orc, uniq_pikel
D:6:      tgw_sif, uniq_grinder
D:7:      minmay_temple_entry_trees, enter_bailey_2, st_stairs_12
Bailey:   bailey_polearm_flooded_kennysheep, bailey

Skill      XL: |  1  2  3  4  5  6  7  8  9 |
---------------+----------------------------+-----
Conjurations   | 2 3 4 5 6 8 |  8.2
Unarmed Combat | 1 2 3 |  3.0
Spellcasting   | 3 4 5 6 7 |  7.8
Axes           | 2 4 5 |  5.7
Shields        | 4 |  4.3
Dodging        | |  1.7
Stealth        | |  1.7
Fire Magic     | |  3.0

Action                   |  1- 3 |  4- 6 |  7- 9 || total
-------------------------+-------+-------+-------++-------
Melee: Unarmed           |   163 |    89 |       ||   252
       Tailslap          |    19 |     4 |    40 ||    63
       Hand axe          |       |    22 |   342 ||   364
       Punch             |       |       |     3 ||     3
 Cast: Flame Tongue      |    52 |    89 |   140 ||   281
       Conjure Flame     |       |       |     1 ||     1
       Sticky Flame      |       |       |     7 ||     7
Evoke: Wand              |       |       |     2 ||     2
  Use: Scroll            |       |     6 |     8 ||    14
       Potion            |       |       |     9 ||     9
 Stab: Sleeping          |     6 |     8 |     3 ||    17
  Eat: Chunk             |     2 |     7 |    11 ||    20
       Fruit             |     1 |     1 |     6 ||     8
       Meat ration       |       |       |     1 ||     1
Armor: Skin              |    52 |    48 |   266 ||   366
Dodge: Dodged            |   101 |   114 |   318 ||   533
Block: Buckler           |       |       |    21 ||    21
